 Dungeon Crawl Stone Soup version 0.31-a0-188-g5e087ee2ca (webtiles) character file.

Game seed: 10879013083359395503

638 qw the Skirmisher (level 7, -7/40 HPs)
             Began as a Deep Elf Hunter on June 23, 2023.
             Engulfed by a steam dragon's steam (9 damage)
             ... on level 5 of the Dungeon.
             The game lasted 00:01:00 (2278 turns).

qw the Skirmisher (Deep Elf Hunter)                 Turns: 2278, Time: 00:01:01

Health: -7/40      AC:  6    Str: 10    XL:     7   Next: 25%
Magic:  9/9        EV: 11    Int: 14    God:
Gold:   232        SH:  0    Dex: 16    Spells: 6/6 levels left

rFire   . . .        Y - +0 shortbow (freeze)
rCold   + . .        (shield currently unavailable)
rNeg    . . .        d - +0 ring mail
rPois   .            (no helmet)
rElec   .            (no cloak)
rCorr   .            a - +0 pair of gloves
SInv    .            (no boots)
Will    ++...        (no amulet)
Stlth   +            k - ring of protection from cold
HPRegen 1.06/turn    (no ring)
MPRegen 0.11/turn

%: no passive effects
@: about to teleport, unable to drink
A: clumsy 1, strong-willed 2, regeneration 1, inability to drink after injury 1
a: no special abilities


You were on level 5 of the Dungeon.
You visited 1 branch of the dungeon, and saw 5 of its levels.

You collected 232 gold pieces.


Innate Abilities, Weirdness & Mutations

You are clumsy. (Dex -2)
You are highly strong-willed. (Will++)
Your natural rate of healing is unusually fast.
You occasionally lose the ability to drink potions when taking damage.


   Skills:
 - Level 2.0 Fighting
 + Level 10.8 Ranged Weapons
 - Level 1.6 Armour
 - Level 3.1 Dodging
 - Level 1.2 Stealth


You had 6 spell levels left.
You didn't know any spells.
Your spell library was empty.

Inventory:

Hand Weapons
 Y - a +0 shortbow of freezing (weapon)
Armour
 a - a +0 pair of gloves (worn)
 d - a +0 ring mail (worn)
Jewellery
 k - a ring of protection from cold (left hand)
Scrolls
 b - 2 scrolls of identify
 h - a scroll of poison {unknown}
Potions
 e - a potion of berserk rage {unknown}
 f - a potion of enlightenment {unknown}
 g - a potion of degeneration {unknown}
 j - a potion of might

Dungeon Overview and Level Annotations

Branches:
Dungeon (5/15)
 Temple: D:4-7

Altars:
Sif Muna
Vehumet


Message History

The steam dragon hisses angrily.
The arrow hits the adder but does no damage.
The adder is severely wounded.
The adder barely misses you. The adder closely misses you.
You shoot an arrow. The arrow hits the adder.
The arrow freezes the adder.
You kill the adder!
You shoot an arrow.
The arrow closely misses the steam dragon.
The steam dragon breathes steam at you. The ball of steam hits you!
2271 ||| Stepping ~*~*~tactically~*~*~ (cloud).
You start resting.
You're standing in a cloud of steam!
2273 ||| Stepping ~*~*~tactically~*~*~ (cloud).
You shoot an arrow.
The arrow hits the steam dragon but does no damage.
You shoot an arrow.
The arrow closely misses the steam dragon.
The steam dragon breathes steam at you. The ball of steam misses you.
You hear a shout!
You shoot an arrow.
The arrow barely misses the steam dragon.
You are engulfed in a cloud of scalding steam.
A quokka comes into view.
The steam dragon breathes steam at you. The ball of steam hits you!
You feel threatened and lose the ability to drink potions!
You hear an angry hiss.
2277 ||| READING scroll of teleportation.
As you read the scroll of teleportation, it crumbles to dust.
You feel strangely unstable.
You are engulfed in a cloud of scalding steam.
You can drink potions again.
You shoot an arrow. The arrow hits the steam dragon.
The arrow freezes the steam dragon.
The steam dragon is moderately wounded.
You are engulfed in a cloud of scalding steam.
You feel threatened and lose the ability to drink potions!
You die...

........# #.#.#
........# #<#..
.......<# #####.#.#
........# ####.......#
........###....###.#.<
###...#.#...#### #..#.
###.#.#.### ##.#.
#r#...# #.#. #@¤...#
#.## ##D¤#..# #.##
#.[##..# #.#.
...D.¤..###..## #...
.......## ##.)###
###..# .......
##...####..... .......
#.#..##..###. .......
####.##.##.## #.
..)....
....)..)...####.


You could see a steam dragon (catching breath) and a quokka.

Vanquished Creatures
  A steam dragon (D:5)
  2 black bears
  An ogre (D:4)
  A hound (D:4)
  An iguana (D:4)
  An orc wizard (D:5)
  4 gnolls
  5 adders
  An ufetubus (D:5)
  A worm (D:4)
  3 dart slugs
  4 orcs
  5 bats
  7 endoplasms
  3 giant cockroaches
  7 hobgoblins
  7 quokkas
  5 ball pythons
  3 frilled lizards (D:1)
  6 goblins
  11 kobolds
  4 rats
83 creatures vanquished.

Notes
Turn   | Place    | Note
-------+----------+-------------------------------------------
     0 | D:1      | qw the Deep Elf Hunter began the quest for the Orb.
     0 | D:1      | Reached XP level 1. HP: 12/12 MP: 3/3
     0 | D:1      | 0 ||| qw: Version: 0.3-a-9-g12657ce
     0 | D:1      | 0 ||| qw: Game counter: 4120
     0 | D:1      | 0 ||| qw: Always use a shield: true
     0 | D:1      | 0 ||| qw: God list: Okawaru
     0 | D:1      | 0 ||| qw: Allow faded altars: false
     0 | D:1      | 0 ||| qw: Do Orc after D:15 true
     0 | D:1      | 0 ||| qw: Do second Lair branch before Depths: true
     0 | D:1      | 0 ||| qw: Lair rune preference: random
     0 | D:1      | 0 ||| qw: Plans: Normal
     0 | D:1      | 0 ||| PLANNING D:1-11
   117 | D:1      | Reached XP level 2. HP: 16/16 MP: 4/4
   120 | D:1      | Reached skill level 6 in Ranged Weapons
   120 | D:1      | 120 ||| FLEEEEING.
   121 | D:1      | 121 ||| FLEEEEING.
   122 | D:1      | 122 ||| FLEEEEING.
   123 | D:1      | 123 ||| FLEEEEING.
   124 | D:1      | 124 ||| FLEEEEING.
   657 | D:1      | 657 ||| UPGRADING to +0 ring mail.
   667 | D:1      | 667 ||| DROPPING +0 leather armour.
   668 | D:1      | 668 ||| READING scroll labelled RAUDAM KADUSA.
   669 | D:1      | 669 ||| READING scroll labelled DOMEAT SUUSM.
   670 | D:1      | 670 ||| DROPPING scroll of butterflies.
   711 | D:2      | Reached XP level 3. HP: 20/20 MP: 5/5
   996 | D:2      | Reached skill level 7 in Ranged Weapons
  1204 | D:2      | Found a faded altar of an unknown god.
  1222 | D:2      | Found a radiant altar of Vehumet.
  1243 | D:2      | 1243 ||| UPGRADING to +0 pair of gloves.
  1248 | D:2      | 1248 ||| READING scroll labelled DUUG MYVELEDO.
  1264 | D:3      | 1264 ||| STAIRDANCE
  1268 | D:2      | Reached XP level 4. HP: 18/25 MP: 6/6
  1431 | D:3      | Reached skill level 8 in Ranged Weapons
  1669 | D:3      | 1669 ||| UPGRADING to ring of protection from cold.
  1670 | D:3      | 1670 ||| READING scroll labelled DIRGHOTW IGICW.
  1671 | D:3      | 1671 ||| DRINKING 2 viscous yellow potions.
  1671 | D:3      | Gained mutation: Potions are less effective at restoring
                  | your health. [potion of mutation]
  1671 | D:3      | Gained mutation: You have large cloven feet. [potion of
                  | mutation]
  1671 | D:3      | Gained mutation: You have a beak for a mouth. [potion of
                  | mutation]
  1671 | D:3      | Gained mutation: Your muscles are strong. (Str +4, Int/Dex
                  | -1) [potion of mutation]
  1672 | D:3      | 1672 ||| DRINKING potion of mutation.
  1672 | D:3      | Lost mutation: Potions are less effective at restoring your
                  | health. [potion of mutation]
  1672 | D:3      | Lost mutation: You have a beak for a mouth. [potion of
                  | mutation]
  1672 | D:3      | Gained mutation: You occasionally lose the ability to drink
                  | potions when taking damage. [potion of mutation]
  1672 | D:3      | Gained mutation: You are strong-willed. (Will+) [potion of
                  | mutation]
  1672 | D:3      | Gained mutation: Your natural rate of healing is unusually
                  | fast. [potion of mutation]
  1673 | D:3      | 1673 ||| DRINKING 2 smoky orange potions.
  1683 | D:3      | 1683 ||| DRINKING 2 red potions.
  1684 | D:3      | 1684 ||| DROPPING potion of ambrosia.
  1729 | D:4      | Noticed an ogre
  1733 | D:4      | Killed an ogre
  1734 | D:4      | Reached skill level 9 in Ranged Weapons
  1734 | D:4      | Reached XP level 5. HP: 29/29 MP: 7/7
  1939 | D:4      | Reached skill level 3 in Dodging
  1970 | D:4      | Noticed a black bear
  1971 | D:4      | Killed a black bear
  1972 | D:4      | Reached XP level 6. HP: 35/35 MP: 8/8
  2000 | D:4      | Found a shimmering blue altar of Sif Muna.
  2130 | D:4      | 2130 ||| READING scroll labelled KYTORI ULUIB.
  2131 | D:4      | 2131 ||| READING scroll labelled YTUETS DIMUHAVUMUJ.
  2136 | D:4      | 2136 ||| READING 2 scrolls of identify.
  2136 | D:4      | 2136 ||| IDENTIFYING inky potion
  2137 | D:4      | 2137 ||| DROPPING potion of brilliance.
  2146 | D:5      | Entered Level 5 of the Dungeon
  2147 | D:5      | 2147 ||| PLANNING SEWER
  2158 | D:5      | 2158 ||| DRINKING potion of mutation.
  2158 | D:5      | Lost mutation: Your muscles are strong. (Str +4, Int/Dex
                  | -1) [potion of mutation]
  2158 | D:5      | Lost mutation: You have large cloven feet. [potion of
                  | mutation]
  2158 | D:5      | Gained mutation: You are highly strong-willed. (Will++)
                  | [potion of mutation]
  2158 | D:5      | Gained mutation: You are clumsy. (Dex -2) [potion of
                  | mutation]
  2172 | D:5      | Reached skill level 10 in Ranged Weapons
  2225 | D:5      | Reached skill level 1 in Armour
  2249 | D:5      | Noticed a steam dragon
  2258 | D:5      | Killed a steam dragon
  2259 | D:5      | Reached XP level 7. HP: 40/40 MP: 9/9
  2267 | D:5      | Noticed a steam dragon
  2271 | D:5      | 2271 ||| Stepping ~*~*~tactically~*~*~ (cloud).
  2273 | D:5      | 2273 ||| Stepping ~*~*~tactically~*~*~ (cloud).
  2276 | D:5      | HP: 4/40 [steam dragon/ball of steam (17)]
  2277 | D:5      | 2277 ||| READING scroll of teleportation.
  2277 | D:5      | HP: 1/40 [steam dragon] (3)]
  2278 | D:5      | Engulfed by a steam dragon's steam

Levels and vault maps discovered:
D:1:      heliophobic_arrival_battle_scene, layout_loops_ring,
          hangedman_decor_growths
D:2:      layout_basic, basic_altar, basic_ecumenical_altar, serial_forest,
          infiniplex_forest_zigzag_2, infiniplex_forest_lined_room_2,
          infiniplex_forest_clump_long, infiniplex_forest_clump_small,
          infiniplex_forest_end_1, infiniplex_forest_diagonal,
          infiniplex_forest_clump_double
D:3:      layout_rooms
D:4:      layout_rooms, minmay_ruined_shrine
D:5:      layout_rooms, amcnicky_altar_gilded, minmay_temple_entry_ruins,
          gup_sewer_entry_spiral

Skill      XL: |  1  2  3  4  5  6 |
---------------+-------------------+-----
Ranged Weapons | 6 7 9 10 | 10.8
Fighting       | 2 |  2.0
Dodging        | 3 |  3.1
Armour         | 1 |  1.6
Stealth        | |  1.2

Action                     |  1- 3 |  4- 6 |  7- 9 || total
---------------------------+-------+-------+-------++-------
   Fire: Shortbow          |    75 |   130 |    13 ||   218
    Use: Scroll            |     3 |     4 |     1 ||     8
         Potion            |       |     5 |       ||     5
 Armour: Leather armour    |     2 |       |       ||     2
         Ring mail         |     1 |    11 |     2 ||    14
  Dodge: Dodged            |    16 |    25 |     3 ||    44

Table legend:
 A = Non-vault XP
 B = Vault XP
 C = Vault XP percentage of total XP
 D = Non-vault monster count
 E = Vault monster count
 F = Vault count percentage of total count
                 A         B        C        D         E       F
            +---------+---------+-------+---------+---------+-------
      Total |     736 |     176 |  19.3 |      73 |      10 |  12.0
            +---------+---------+-------+---------+---------+-------
        D:1 |      32 |       0 |   0.0 |      20 |       0 |   0.0
        D:2 |      50 |       0 |   0.0 |      15 |       0 |   0.0
        D:3 |      76 |       0 |   0.0 |      16 |       0 |   0.0
        D:4 |     212 |     176 |  45.4 |      15 |      10 |  40.0
        D:5 |     366 |       0 |   0.0 |       7 |       0 |   0.0
            +---------+---------+-------+---------+---------+-------
